 Seeded DCSS version 0.30-a0-857-gcaf70739d4 (webtiles) character file.

Game seed: 18242870539230726858 (custom seed)

1769 bmack86 the Cleaver (level 8, -6/71 HPs)
             Began as a Minotaur Fighter on Mar 6, 2023.
             Was a Believer of Okawaru.
             Mangled by an orc knight
             ... wielding a +0 war axe
              (17 damage)
             ... in a bailey.
             The game lasted 00:14:10 (5229 turns).

bmack86 the Cleaver (Minotaur Fighter)              Turns: 5229, Time: 00:14:11

Health: -6/71      AC: 16    Str: 23    XL:     8   Next: 80%
Magic:  9/9        EV:  7    Int:  5    God:    Okawaru [**....]
Gold:   898        SH:  5    Dex: 10    Spells: 7/7 levels left

rFire   . . .      SeeInvis .    a - +0 war axe
rCold   . . .      Faith    .    c - +0 buckler
rNeg    . . .      Spirit   .    C - +1 chain mail {Will+}
rPois   +          Reflect  .    (helmet restricted)
rElec   .          Rampage  .    b - +1 cloak
rCorr   .                        (no gloves)
Will    +....                    k - +2 pair of boots {Fly} Stlth
                                 p - amulet of regeneration
HPRegen 1.11/turn                j - ring of poison resistance
MPRegen 0.11/turn                (no ring)

@: flying
A: horns 2, retaliatory headbutt
a: Renounce Religion, Heroism


You were in a bailey.
You worshipped Okawaru.
Okawaru was pleased with you.
You visited 1 branch of the dungeon, and saw 7 of its levels.
You also visited: Bailey.

You collected 1130 gold pieces.
You spent 232 gold pieces at shops.

Inventory:

Hand Weapons
 a - a +0 war axe (weapon)
Missiles
 v - 13 boomerangs (quivered)
Armour
 b - a +1 cloak (worn)
 c - a +0 buckler (worn)
 k - a +2 pair of boots of flying (worn)
 s - a +0 plate armour
 C - a +1 chain mail of willpower (worn)
Jewellery
 j - a ring of poison resistance (left hand)
 p - an amulet of regeneration (around neck)
 y - a ring of flight
Scrolls
 f - 2 scrolls of fear
 h - 4 scrolls of vulnerability
 i - 4 scrolls of identify
 m - 2 scrolls of enchant weapon
 o - 3 scrolls of teleportation {unknown}
 r - a scroll of torment {unknown}
 t - 2 scrolls of immolation {unknown}
 u - a scroll of fog {unknown}
 w - 2 scrolls of blinking {unknown}
 x - 2 scrolls of poison {unknown}
 D - a scroll of enchant armour {unknown}
 E - a scroll of magic mapping {unknown}
Potions
 d - a potion of might
 e - 2 potions of attraction {unknown}
 g - 3 potions of mutation {unknown}
 l - a potion of degeneration
 n - a potion of invisibility
 q - a potion of haste
 z - a potion of magic {unknown}
 A - 3 potions of curing
 B - 2 potions of lignification {unknown}


   Skills:
 + Level 6.5 Fighting
 * Level 8.2 Axes
 + Level 3.1 Throwing
 + Level 6.5 Armour
 + Level 6.5 Shields
 + Level 3.1 Invocations


You had 7 spell levels left.
You didn't know any spells.
Your spell library contained the following spells:

 Spells                   Type           Power      Damage    Failure   Level
 Kiss of Death            Conj/Necr      0%         2d5       99%         1
 Magic Dart               Conj           0%         1d3       99%         1
 Lesser Beckoning         Tloc           0%         N/A       100%        2
 Confusing Touch          Hex            0%         N/A       100%        3
 Gell's Gravitas          Tloc           0%         N/A       100%        3
 Mephitic Cloud           Conj/Pois/Air  0%         N/A       100%        3
 Teleport Other           Tloc           0%         N/A       100%        3
 Dispel Undead            Necr           0%         3d6       100%        4
 Call Imp                 Summ           Unusable   N/A       N/A         2

Dungeon Overview and Level Annotations

Branches:
Dungeon (7/15)             Temple (0/1) D:6          Bailey (1/1)

Altars:
Cheibriados
Gozag
Okawaru
Ru
Wu Jian

Shops:
D:1 ((*[*   D:2 *   D:6 *


Innate Abilities, Weirdness & Mutations

You have a pair of horns on your head.
You reflexively headbutt those who attack you in melee.


Message History

The orc knight is lightly wounded.
You throw a boomerang.
The boomerang closely misses the orc knight.
The orc knight hits you with a +0 war axe!
You barely miss the orc knight.
The orc knight is lightly wounded.
The orc knight closely misses you. You furiously retaliate!
You headbutt the orc knight.
You hit the orc knight but do no damage.
The orc knight is lightly wounded.
The orc knight hits you but does no damage.
You hit the orc knight but do no damage.
Your headbutt misses the orc knight.
The orc knight is lightly wounded.
You closely miss the orc warrior. You block the orc knight's attack.
You block the orc warrior's attack.
You barely miss the orc knight.
The orc knight is lightly wounded.
You miss the orc warrior. The orc knight barely misses you.
The orc warrior hits you with a +0 hand axe!
The orc knight hits you with a +0 war axe!!
You hit the orc knight but do no damage.
You headbutt the orc knight, but do no damage.
The orc knight is lightly wounded.
You barely miss the orc warrior. You block the orc warrior's attack.
The orc knight hits you with a +0 war axe!
You hit the orc knight.
The orc knight is moderately wounded.
You hit the orc warrior.
The orc warrior hits you with a +0 hand axe.
The orc knight hits you but does no damage.
The orc warrior hits you with a +0 hand axe!
* * * LOW HITPOINT WARNING * * *
You slash the orc knight! Your headbutt misses the orc knight.
The orc knight is heavily wounded.
You slash the orc warrior!
You kill the orc warrior!
Okawaru accepts your kill.
The orc knight hits you with a +0 war axe!
You die...

##...8...##≈≈≈♣
#.........##≈≈♣
#..........#≈≈♣
'....8..8..#≈≈♣ ##
#........#≈≈♣ ~~~
#......##≈≈♣
..[~#.....##...♣
...?~#....##....♣
.8.8##....#....@♣♣
....#....)'...)o.♣
...o#.....'...∩.∩♣
...#.....'......♣
8.8##....#.....♣♣
..?~#....##....♣
..[~#.†.).##...♣
~~~##......##≈≈♣
######.†......#≈≈♣


You could see an orc knight.

Vanquished Creatures
  Sigmund (D:2)
  A water moccasin (D:5)
  2 orc warriors (Bailey)
  4 black bears
  An ogre (D:4)
  A centaur (D:6)
  3 phantoms
  A scorpion (D:4)
  3 hounds
  3 iguanas
  A sleepcap (D:5)
  4 orc wizards (D:5)
  10 gnolls
  8 adders
  A shadow imp (D:6)
  A white imp (D:6)
  An ufetubus (D:6)
  A worm (D:2)
  2 dart slugs
  9 orcs
  7 ball pythons
  6 endoplasms
  7 giant cockroaches
  19 goblins
  5 hobgoblins
  3 quokkas
  9 bats
  15 frilled lizards
  15 kobolds
  6 rats
150 creatures vanquished.

Vanquished Creatures (others)
  6 plants (D:1)
6 creatures vanquished.

Grand Total: 156 creatures vanquished

Notes
Turn   | Place    | Note
-------+----------+-------------------------------------------
     0 | D:1      | bmack86 the Minotaur Fighter began the quest for the Orb.
     0 | D:1      | Reached XP level 1. HP: 19/19 MP: 0/0
   249 | D:1      | Reached XP level 2. HP: 27/27 MP: 1/1
   249 | D:1      | Found Iczoal's Antique Armour Shop.
   301 | D:1      | Found Mapt's Weapon Shop.
   307 | D:1      | Reached skill level 3 in Axes
   351 | D:1      | Found Ridunu's General Store.
   372 | D:1      | Bought a scroll of identify for 20 gold pieces
   483 | D:1      | Found Gaux's General Store.
   783 | D:1      | Found Mazynewu's Weapon Shoppe.
   888 | D:2      | Reached XP level 3. HP: 33/33 MP: 2/2
   995 | D:2      | Noticed Sigmund
  1005 | D:2      | Killed Sigmund
  1006 | D:2      | Reached skill level 4 in Axes
  1006 | D:2      | Reached XP level 4. HP: 32/41 MP: 3/3
  1006 | D:2      | Reached XP level 5. HP: 37/47 MP: 4/4
  1267 | D:2      | Identified the +0 leather armour of Xuytoo {rF++ rN+}
  1338 | D:2      | Reached skill level 5 in Axes
  1511 | D:2      | Found Qerurash's Assorted Antiques.
  1521 | D:2      | Bought a thin malachite amulet for 125 gold pieces
  1793 | D:2      | Reached XP level 6. HP: 53/55 MP: 5/5
  1888 | D:3      | Reached skill level 5 in Fighting
  1888 | D:3      | Reached skill level 5 in Armour
  1888 | D:3      | Reached skill level 5 in Shields
  2614 | D:4      | Found a sacrificial altar of Ru.
  2614 | D:4      | Found an iron altar of Okawaru.
  2622 | D:4      | Became a worshipper of Warmaster Okawaru
  2648 | D:4      | Reached skill level 6 in Axes
  2648 | D:4      | Reached XP level 7. HP: 38/61 MP: 6/6
  2750 | D:4      | Found an opulent altar of Gozag.
  3278 | D:4      | Reached skill level 1 in Throwing
  3278 | D:4      | Reached skill level 1 in Invocations
  3383 | D:5      | Entered Level 5 of the Dungeon
  3595 | D:5      | Reached * piety under Okawaru
  3603 | D:5      | Identified the +0 quarterstaff "Mujap" {heavy, Will+}
  3709 | D:5      | Reached skill level 7 in Axes
  3709 | D:5      | Reached XP level 8. HP: 51/70 MP: 8/8
  4192 | D:5      | Identified a scroll of acquirement
  4193 | D:5      | Acquired 664 gold pieces
  4252 | D:6      | Found Yffurim's Assorted Antiques.
  4255 | D:6      | Bought a scroll labelled QINEB HARRUKU for 29 gold pieces
  4255 | D:6      | Bought a scroll labelled VENOUL ITESEAMO for 29 gold pieces
  4255 | D:6      | Bought a scroll labelled ZUSI RYIMEBAANG for 29 gold pieces
  4412 | D:6      | Found a staircase to the Ecumenical Temple.
  4589 | D:6      | Found a snail-covered altar of Cheibriados.
  4617 | D:6      | Found an ornate altar of the Wu Jian Council.
  4713 | D:6      | Reached ** piety under Okawaru
  4863 | D:6      | Reached skill level 8 in Axes
  5043 | D:7      | Found a flagged portal.
  5056 | Bailey   | Entered a bailey
  5061 | Bailey   | Noticed an orc warlord
  5166 | Bailey   | Noticed an orc knight
  5229 | Bailey   | Mangled by an orc knight

Illustrated notes

Levels and vault maps discovered:
D:1:      dpeg_arrival_stone_temple_mockup, layout_basic, serial_shops, shop,
          shop_statue, shop_statue, nicolae_shop_advertising_works
          [nicolae_subvault_shop_adworks], nicolae_shop_bloodbath_and_beyond,
          minmay_lizard_king
D:2:      layout_loops_ring, serial_shops, nicolae_lakefront_shop,
          minmay_pentomino_pile, uniq_sigmund
D:3:      layout_loops_ring
D:4:      layout_cave_pods, grunt_gozag_statues,
          mainiacjoe_overflow_divided_tiny
D:5:      minmay_angry_zag, layout_gridville
D:6:      layout_basic, mainiacjoe_overflow_two_lobes,
          minmay_temple_entry_slanted, serial_shops, nicolae_stop_n_shop_2,
          hangedman_decor_growths
D:7:      layout_layer_cave, enter_bailey_3, ebering_ghost_reflecting_pool
Bailey:   bailey_axe_bossmonster_kennysheep, bailey

Skill      XL: |  1  2  3  4  5  6  7  8 |
---------------+-------------------------+-----
Axes           | 3 4 5 6 7 8 |  8.2
Shields        | 4 5 6 |  6.5
Fighting       | 4 5 6 |  6.5
Armour         | 4 5 6 |  6.5
Throwing       | 2 3 |  3.1
Invocations    | 2 3 |  3.1

Action                     |  1- 3 |  4- 6 |  7- 9 || total
---------------------------+-------+-------+-------++-------
  Melee: War axe           |    59 |   120 |   176 ||   355
         Headbutt          |     7 |    17 |    38 ||    62
  Throw: Boomerang         |       |     4 |    18 ||    22
    Use: Scroll            |       |       |    10 ||    10
 Armour: Scale mail        |    39 |    36 |       ||    75
         Plate armour      |       |    48 |   129 ||   177
         Chain mail        |       |       |    65 ||    65
  Dodge: Dodged            |    33 |    63 |    72 ||   168
  Block: Buckler           |    15 |    43 |    50 ||   108

Table legend: (Time is in decaauts)
 A = Elapsed time spent in this place.
 B = Non-inter-level travel time spent in this place.
 C = Inter-level travel time spent in this place.
 D = Time resting spent in this place.
 E = Time spent auto-exploring this place.
 F = Levels seen in this place.
 G = Mean time per level.
                   A        B        C        D        E       F      G
               +--------+--------+--------+--------+--------+-----+--------+
         Total |   5319 |   5148 |    171 |      0 |   3601 |   8 |  664.9 |
       Dungeon |   5137 |   4966 |    171 |      0 |   3601 |   7 |  733.9 |
        Bailey |    181 |    181 |      0 |      0 |      0 |   1 |  181.0 |
               +--------+--------+--------+--------+--------+-----+--------+

Top non-repeatable levels by time:
     D:1: 954 daAuts
     D:2: 932 daAuts
     D:4: 929 daAuts
     D:5: 883 daAuts
     D:6: 755 daAuts
     D:3: 631 daAuts
  Bailey: 181 daAuts
     D:7: 51 daAuts
